Map: 2000 애트모스피어 - 래더

Players

Prince - Winner!

  • Race: Protoss Protoss
  • League: Grandmaster

NightMare

  • Race: Protoss Protoss
  • League: Master

Event: DreamHack SC2 Masters Last Chance 2022

VOD

Have the link to the VOD?

Description

Time

  • Played on: Dec. 15, 2021, 4:50 a.m.
  • Length: 10:57

All games in this series

Show
View Real Time Build Order
Export as new Build Order

Prince Protoss - Winner!

Build Orders: Oracle Opening 

Get SALT Encoding   

  12  0:00  Probe  
  13  0:12  Probe  
  14  0:17  Pylon  
  14  0:24  Probe (Chrono Boost)  
  15  0:36  Gateway  
  15  0:37  Probe (Chrono Boost)  
  16  0:44  Probe (Chrono Boost)  
  16  0:45  Assimilator  
  17  0:51  Probe  
  18  0:57  Assimilator  
  18  1:03  Probe (Chrono Boost)  
  19  1:07  Gateway  
  19  1:13  Probe (Chrono Boost)  
  19  1:18  Probe (Chrono Boost)  
  20  1:24  Cybernetics Core  
  21  1:30  Probe  
  22  1:36  Pylon  
  22  1:42  Probe  
  23  1:54  Probe  
  23  2:00  Adept  
  23  2:01  Stalker  
  28  2:03  Warp Gate  
  28  2:12  Probe  
  29  2:16  Pylon  
  29  2:21  Pylon  
  29  2:40  Stargate  
  29  2:46  Stalker  
  29  2:47  Stalker  
  32  3:14  Nexus  
  32  3:21  Oracle (Chrono Boost)  
  35  3:34  Twilight Council  
  35  3:36  Probe  
  36  3:48  Probe  
  37  4:00  Probe  
  38  4:04  Blink (Chrono Boost)  
  36  4:13  Probe (Chrono Boost)  
  37  4:20  Stalker x2  
  41  4:25  Probe (Chrono Boost)  
  41  4:30  Probe (Chrono Boost)  
  43  4:34  Probe (Chrono Boost)  
  45  4:38  Probe (Chrono Boost)  
  45  4:41  Probe (Chrono Boost)  
  45  4:43  Stalker, Probe (Chrono Boost)  
  45  4:44  Stalker  
  51  4:51  Probe  
  52  4:54  Probe  
  53  5:03  Probe  
  53  5:06  Probe  
  55  5:08  Stalker x2  
  55  5:12  Pylon  
  59  5:18  Probe x2  
  61  5:24  Nexus  
  59  5:37  Probe x2  
  61  5:47  Stalker x2  
  65  5:52  Probe x2  
  65  5:54  Assimilator  
  65  5:56  Robotics Facility, Assimilator  
  67  5:59  Forge  
  67  6:07  Probe x2  
  69  6:18  Shield Battery  
  69  6:22  Sentry  
  69  6:29  Gateway  
  69  6:30  Gateway, Protoss Ground Weapons Level 1 (Chrono Boost)  
  69  6:31  Probe  
  69  6:32  Charge  
  70  6:33  Gateway  
  70  6:35  Gateway  
  70  6:36  Probe, Pylon  
  70  6:38  Probe  
  72  6:41  Sentry  
  72  6:45  Observer (Chrono Boost)  
  72  6:46  Probe  
  76  6:48  Probe  
  76  6:50  Probe  
  78  6:58  Dark Shrine  
  78  6:59  Warp Prism  
  78  7:04  Gateway  
  78  7:05  Probe x2  
  78  7:06  Probe  
  83  7:11  Gateway  
  83  7:21  Stalker x2  
  87  7:26  Pylon  
  86  7:31  Observer  
  86  7:33  Probe  
  85  7:38  Pylon  
  85  7:45  Probe x3  
  85  7:46  Pylon  
  85  7:49  Stalker  
  85  7:50  Stalker  
  92  7:57  Stalker x4, Probe  
  101  8:02  Pylon x2  
  101  8:07  Stalker x2  
  105  8:16  Pylon  
  105  8:25  Dark Templar x3  
  111  8:29  Dark Templar  
  111  8:33  Nexus  
  113  8:35  Pylon  
  112  8:41  Stalker x2  
  109  8:52  Probe x2  
  109  8:53  Probe  
  106  9:04  Probe x2  
  106  9:12  Zealot x7  
  106  9:13  Zealot  
  118  9:17  Immortal (Chrono Boost)  
  118  9:19  Probe x3  
  125  9:26  Assimilator  
  125  9:30  Assimilator  
  122  9:40  Dark Templar  
  122  9:44  Probe x3  
  127  9:48  Archon  
  127  9:57  Observer (Chrono Boost)  
  127  9:59  Zealot x3  
  133  10:00  Zealot x4, Archon x2  
  133  10:01  Archon  
  141  10:16  Gateway  
  141  10:17  Gateway  
  141  10:28  Dark Templar x5  
  141  10:29  Zealot x3  
  131  10:50  Zealot x3  
Show
View Real Time Build Order
Export as new Build Order

NightMare Protoss 

Build Orders: Blink Stalkers 

Get SALT Encoding   

  12  0:00  Probe  
  13  0:12  Probe  
  14  0:18  Pylon  
  14  0:24  Probe (Chrono Boost)  
  15  0:36  Probe (Chrono Boost)  
  15  0:37  Gateway  
  16  0:45  Probe (Chrono Boost)  
  16  0:46  Assimilator  
  17  0:51  Probe  
  17  0:54  Assimilator  
  18  1:03  Probe (Chrono Boost)  
  19  1:08  Gateway  
  19  1:13  Probe (Chrono Boost)  
  19  1:17  Probe (Chrono Boost)  
  20  1:25  Cybernetics Core  
  21  1:29  Probe  
  22  1:36  Pylon  
  22  1:41  Probe  
  23  1:54  Probe  
  24  2:03  Warp Gate (Chrono Boost), Sentry  
  24  2:05  Stalker  
  28  2:09  Probe  
  28  2:12  Pylon  
  29  2:25  Pylon  
  29  2:41  Sentry  
  29  2:42  Sentry  
  33  2:47  Nexus  
  33  2:49  Shield Battery  
  33  3:03  Twilight Council  
  33  3:12  Shield Battery  
  33  3:16  Probe  
  36  3:28  Probe  
  36  3:34  Blink (Chrono Boost), Pylon  
  35  3:40  Probe  
  36  3:45  Shield Battery  
  36  3:47  Stalker  
  38  3:53  Stalker  
  40  4:01  Probe  
  40  4:11  Stalker  
  40  4:13  Probe  
  40  4:15  Probe  
  43  4:20  Stalker  
  45  4:25  Probe  
  45  4:27  Probe  
  47  4:35  Stalker  
  47  4:38  Probe  
  50  4:39  Probe  
  50  4:44  Stalker  
  53  4:50  Probe  
  53  4:51  Probe  
  55  4:59  Stalker  
  54  5:02  Probe  
  54  5:03  Probe  
  54  5:05  Pylon  
  57  5:14  Probe  
  57  5:15  Probe  
  58  5:24  Stalker x2  
  58  5:26  Probe  
  58  5:27  Assimilator  
  58  5:28  Probe  
  62  5:38  Probe  
  62  5:40  Probe  
  64  5:49  Stalker x2  
  68  5:51  Probe  
  68  5:54  Gateway  
  68  5:55  Gateway  
  69  5:57  Pylon  
  69  6:07  Probe  
  69  6:10  Shield Battery  
  70  6:15  Probe  
  71  6:26  Nexus  
  71  6:27  Pylon  
  71  6:32  Adept, Stalker  
  75  6:36  Robotics Facility  
  75  6:42  Forge  
  75  6:48  Shield Battery  
  75  6:50  Adept  
  75  6:53  Probe (Chrono Boost)  
  76  6:58  Probe (Chrono Boost)  
  76  7:01  Stalker  
  76  7:02  Stalker  
  76  7:04  Probe (Chrono Boost)  
  76  7:08  Probe (Chrono Boost)  
  82  7:14  Probe (Chrono Boost)  
  84  7:16  Probe (Chrono Boost)  
  84  7:20  Probe (Chrono Boost)  
  84  7:21  Probe (Chrono Boost)  
  86  7:22  Gateway  
  86  7:23  Gateway  
  86  7:25  Protoss Ground Weapons Level 1 (Chrono Boost)  
  86  7:32  Probe x2  
  86  7:36  Gateway  
  84  7:37  Gateway  
  84  7:38  Probe  
  84  7:40  Observer (Chrono Boost)  
  84  7:43  Adept  
  88  7:44  Adept  
  88  7:49  Probe, Shield Battery  
  88  7:50  Probe  
  92  7:54  Sentry  
  92  7:56  Stalker  
  96  8:04  Stalker  
  98  8:05  Stalker  
  98  8:10  Pylon  
  98  8:11  Charge (Chrono Boost)  
  98  8:12  Pylon  
  100  8:13  Observer  
  100  8:20  Shield Battery  
  100  8:28  Robotics Bay, Pylon  
  100  8:30  Stalker x3  
  106  8:36  Observer  
  106  8:37  Stalker x3  
  112  8:46  Stalker x2  
  111  9:02  Observer (Chrono Boost)  
  98  9:06  Probe (Chrono Boost)  
  93  9:12  Probe x2 (Chrono Boost)  
  94  9:17  Probe (Chrono Boost)  
  94  9:20  Probe x2 (Chrono Boost)  
  95  9:26  Disruptor  
  95  9:27  Probe (Chrono Boost)  
  95  9:30  Probe (Chrono Boost)  
  101  9:36  Probe (Chrono Boost)  
  103  9:38  Probe (Chrono Boost)  
  103  9:39  Probe (Chrono Boost)  
  103  9:42  Probe (Chrono Boost)  
  103  9:43  Photon Cannon  
  103  9:45  Probe  
  104  9:48  Probe  
  104  9:51  Photon Cannon  
  106  9:54  Probe  
  106  9:56  Observer  
  106  9:57  Probe  
  108  10:00  Probe  
  108  10:02  Disruptor (Chrono Boost)  
  108  10:04  Assimilator x2  
  108  10:05  Photon Cannon, Pylon  
  108  10:06  Probe  
  113  10:09  Probe  
  113  10:12  Probe  
  115  10:19  Stalker x4, Observer  
  123  10:25  Probe x3  
  124  10:34  Stalker x3  
  125  10:37  Zealot  
  105  10:44  Stalker x2  
  105  10:46  Zealot  
  105  10:48  Zealot  

Tags
 
Add a new tag
Caveats
  • Supply blocks, unpowered buildings, or Contaminate may cause inaccurate times.
  • Supply counts are checked every 10 seconds.